 Dungeon Crawl Stone Soup version 0.30.1-4-g462c640d31 (webtiles) character file.

Game seed: 9326945112819039380

88 spardeous the Conjurer (level 4, -3/33 HPs)
             Began as a Demigod Conjurer on Aug 10, 2023.
             Killed from afar by Ijyb (16 damage)
             ... with a bolt of dispelling energy
             ... on level 3 of the Dungeon.
             The game lasted 00:02:23 (2493 turns).

spardeous the Conjurer (Demigod Conjurer)           Turns: 2493, Time: 00:02:23

Health: -3/33      AC:  5    Str:  8    XL:     4   Next: 8%
Magic:  11/11      EV: 10    Int: 24    God:
Gold:   36         SH:  0    Dex: 12    Spells: 2/9 levels left

rFire   . . .        d - staff of conjuration
rCold   . . .        (no shield)
rNeg    . . .        l - +0 ring mail
rPois   .            (no helmet)
rElec   .            (no cloak)
rCorr   .            (no gloves)
SInv    .            (no boots)
Will    .....        (no amulet)
Stlth   +            (no ring)
HPRegen 0.25/turn    (no ring)
MPRegen 0.12/turn

%: no passive effects
@: no status effects
A: high MP 1, forlorn, divine attributes
a: no special abilities


You were on level 3 of the Dungeon.
You visited 1 branch of the dungeon, and saw 3 of its levels.

You collected 36 gold pieces.

Inventory:

Armour
 a - a +0 robe
 l - a +0 ring mail (worn)
Magical Staves
 d - a staff of conjuration (weapon)
Scrolls
 c - a scroll of blinking {unknown}
 e - 5 scrolls of identify {unknown}
 f - a scroll of noise {unknown}
 g - 6 scrolls of teleportation {unknown}
 i - a scroll of immolation {unknown}
 k - a scroll of acquirement {unknown}
 m - a scroll of fear {unknown}
 n - a scroll of poison {unknown}
 o - 2 scrolls of amnesia {unknown}
Potions
 b - a potion of magic
 h - a potion of curing {unknown}
 j - 3 potions of might {unknown}


   Skills:
 - Level 1.7 Dodging
 - Level 1.7 Stealth
 - Level 3.0 Spellcasting
 + Level 4.5 Conjurations


You had 2 spell levels left.
You knew the following spells:

 Your Spells              Type           Power      Damage    Failure   Level
a - Magic Dart            Conj           100%       1d8       5%          1
b - Searing Ray           Conj           76%        2d7       8%          2
c - Iskenderun's Mystic   Conj/Tloc      21%        2d6       78%         4

Your spell library contained the following spells:

 Spells                   Type           Power      Damage    Failure   Level
 Dazzling Flash           Conj/Hex       42%        N/A       36%         3
 Fulminant Prism          Conj/Hex       10%        3d9       78%         4


Dungeon Overview and Level Annotations

Branches:
Dungeon (3/15)

Shops:
D:1 :

Annotations:
D:3 Ijyb, Robin


Innate Abilities, Weirdness & Mutations

You have an increased reservoir of magic. (+10% MP)
You shall have no god before yourself.
Your divine heritage dramatically boosts your attributes as you level up.


Message History

Confirm with . or Enter, or press ? or * to list all spells.
Aiming: Magic Dart (safe; 5% risk of failure)
Press: ? - help, Shift-Dir - straight line, f - goblin
Aim: a goblin, wielding a +0 dagger (wandering, hasn't noticed you, 100% to hit)
You feel a surge of power!
The magic dart hits the goblin.
You kill the goblin!
Ijyb shouts!
Casting: Magic Dart (safe; 5% risk of failure)
Confirm with . or Enter, or press ? or * to list all spells.
Aiming: Magic Dart (safe; 5% risk of failure)
Press: ? - help, Shift-Dir - straight line, f - Ijyb
Aim: Ijyb, wielding a +0 dagger, wearing a +0 ring mail and carrying a wand of quicksilver (14) (100% to hit)
You feel a surge of power!
You miscast Magic Dart.
You are very lightly contaminated with residual magic.
Nothing appears to happen.
There are monsters nearby!
Casting: Magic Dart (safe; 5% risk of failure)
Confirm with . or Enter, or press ? or * to list all spells.
Aiming: Magic Dart (safe; 5% risk of failure)
Press: ? - help, Shift-Dir - straight line, f/p - Ijyb
Aim: Ijyb, wielding a +0 dagger, wearing a +0 ring mail and carrying a wand of quicksilver (14) (100% to hit)
You feel a surge of power!
The magic dart hits Ijyb but does no damage.
The hobgoblin shouts!
Ijyb zaps a wand.
The bolt of dispelling energy hits you!
You take 15 damage, and have 18/33 hp.
MASSIVE DAMAGE!!
You now have 9/11 mp.
Ijyb zaps a wand.
The bolt of dispelling energy misses you.
Ijyb zaps a wand.
The bolt of dispelling energy hits the hobgoblin!
The hobgoblin dies!
The bolt of dispelling energy hits you!
* * * LOW HITPOINT WARNING * * *
You take 8 damage, and have 10/33 hp.
MASSIVE DAMAGE!!
Your magical contamination has completely faded away.
There is an open door here.
There is an escape hatch in the ceiling here.
MP restored: 11 Ijyb zaps a wand.
The bolt of dispelling energy hits you!
You die...

......#.'....######
#'###.#.#g...#....#
g.......#.........#
#####'###.[.......#
........'......####
####....#......#
#....#...†..#####
#....#..........#
#....#####...@..#
####.# #......# #.#
#.†....# #.#
#......# #......#
########


You could see Ijyb.

Vanquished Creatures
  2 adders (D:2)
  3 worms
  2 orcs
  7 ball pythons
  3 endoplasms
  2 giant cockroaches
  9 goblins
  3 hobgoblins
  6 jackals
  2 quokkas (D:1)
  4 bats
  4 frilled lizards
  3 kobolds
  7 rats
57 creatures vanquished.

Vanquished Creatures (others)
  A hobgoblin (D:3)
1 creature vanquished.

Grand Total: 58 creatures vanquished

Notes
Turn   | Place    | Note
-------+----------+-------------------------------------------
     0 | D:1      | spardeous the Demigod Conjurer began the quest for the Orb.
     0 | D:1      | Reached XP level 1. HP: 14/14 MP: 5/5
   216 | D:1      | Reached XP level 2. HP: 20/20 MP: 5/7
   319 | D:1      | You fall into a shaft and drop 1 floor!
   323 | D:2      | Learned a level 2 spell: Searing Ray
   375 | D:2      | Reached skill level 4 in Conjurations
   549 | D:2      | Reached XP level 3. HP: 26/26 MP: 1/9
   774 | D:1      | Found Punuta's Book Boutique.
  1525 | D:2      | Identified the +3 scale mail of the Moneychanger {Regen+
                  | rCorr Str-3}
  2068 | D:3      | Noticed Robin
  2070 | D:3      | Noticed Ijyb
  2268 | D:3      | Reached XP level 4. HP: 33/33 MP: 8/11
  2273 | D:3      | Learned a level 4 spell: Iskenderun's Mystic Blast
  2493 | D:3      | Killed from afar by Ijyb

Illustrated notes

Levels and vault maps discovered:
D:1:      dpeg_arrival_houses_and_road, layout_basic, serial_shops, shop
D:2:      layout_basic
D:3:      layout_basic, hangedman_decor_growths, nicolae_goblin_pals

Skill      XL: |  1  2  3 |
---------------+----------+-----
Spellcasting   | 2 3 |  3.0
Conjurations   | 4 |  4.5
Dodging        | |  1.7
Stealth        | |  1.7

Action                     |  1- 3 |  4- 6 || total
---------------------------+-------+-------++-------
   Cast: Magic Dart        |    92 |    10 ||   102
         Searing Ray       |     2 |       ||     2
 Armour: Robe              |     1 |       ||     1
         Ring mail         |     2 |       ||     2
  Dodge: Dodged            |     8 |     1 ||     9
